 Dungeon Crawl Stone Soup version 0.18-a0-1116-g1750dec (webtiles) character file.

17 Gobser the Stinger (level 2, -2/15 HPs)
             Began as a Deep Elf Venom Mage on Jan 17, 2016.
             Slain by a kobold
             ... wielding a +0 dagger
              (4 damage)
             ... on level 1 of the Dungeon.
             The game lasted 00:04:26 (699 turns).

Gobser the Stinger (Deep Elf Venom Mage)             Turns: 699, Time: 00:04:26

Health: -2/15      AC:  2    Str:  5    XL:     2   Next: 44%
Magic:  1/8        EV: 13    Int: 19    God:
Gold:   23         SH:  0    Dex: 17    Spells: 2 memorised, 4 levels left

rFire  . . .     SeeInvis .     d - -3 club (curse)
rCold  . . .     Gourm    .     a - +0 robe
rNeg   . . .     Faith    .     (no shield)
rPois  .         Spirit   .     (no helmet)
rElec  .         Dismiss  .     (no cloak)
rCorr  .         Reflect  .     (no gloves)
SustAt .         Harm     .     (no boots)
MR     .....                    (no amulet)
Stlth  ++........               (no ring)
                                (no ring)

@: very slightly contaminated, not resistant to hostile enchantments, unstealthy
A: agile 1, blurry vision 1, screaming 1
a: no special abilities


You were on level 1 of the Dungeon.
You were not hungry.

You visited 1 branch of the dungeon, and saw 1 of its levels.

You collected 23 gold pieces.

Inventory:

Hand Weapons
 d - a cursed -3 club (weapon)
Armour
 a - a +0 robe (worn)
Scrolls
 e - a scroll of amnesia
 f - a scroll of identify
Books
 b - a Young Poisoner's Handbook

   Spells                             Type                      Level
   a - Sting                          Conjuration/Poison           1
   b - Cure Poison                    Poison                       2
   c - Mephitic Cloud                 Conjuration/Poison/Air       3
   d - Olgreb's Toxic Radiance        Poison                       4
   e - Venom Bolt                     Conjuration/Poison           5
Comestibles
 c - 2 bread rations


   Skills:
 + Level 2.8 Dodging
 + Level 2.5 Stealth
 + Level 3.0 Spellcasting
 + Level 0.2 Conjurations
 + Level 4.9 Poison Magic


You had 4 spell levels left.
You knew the following spells:

 Your Spells              Type           Power        Failure   Level  Hunger
a - Sting                 Conj/Pois      ##..         8%          1    None
b - Cure Poison           Pois           ###.......   3%          2    ##.....


Dungeon Overview and Level Annotations

Branches:
Dungeon (1/15)

Altars:


Innate Abilities, Weirdness & Mutations

You are agile. (Dex +2)
Scrolls take you a little longer to read.
You occasionally shout uncontrollably at your foes.


Message History

You barely miss the goblin.
The goblin is heavily wounded.
The goblin hits you but does no damage. The kobold hits you with a dagger.
You barely miss the goblin.
The goblin is heavily wounded.
The goblin misses you. The kobold hits you but does no damage.
The goblin hits you with a dagger.
* * * LOW HITPOINT WARNING * * *
You miss the goblin.
The goblin is heavily wounded.
The kobold closely misses you. The goblin hits you but does no damage.
You closely miss the goblin.
The goblin is heavily wounded.
The kobold closely misses you. The goblin hits you with a dagger.
* * * LOW HITPOINT WARNING * * *
The kobold hits you but does no damage.
You hit the goblin but do no damage.
The goblin is heavily wounded.
The goblin misses you. The kobold hits you with a dagger.
You die...

####### #......## ........##
.........######
.........#....#
.........#†##.#
..?...†..#.##.#
.$....g@.#.##.########
.....%K.($.##.##.....#
#############....####.##.....#
##......# ####.# #.##.....#
........# ### #.##.....#
...###.## #.##.....# ####....#
#........# #.......#
####.....# ....##### ###.###


You could see a goblin and a kobold.

Vanquished Creatures
  A goblin (D:1)
  6 hobgoblins (D:1)
  2 kobolds (D:1)
  2 bats (D:1)
  A giant newt (D:1)
  4 rats (D:1)
16 creatures vanquished.

Notes
Turn   | Place    | Note
--------------------------------------------------------------
     0 | D:1      | Gobser the Deep Elf Venom Mage began the quest for the Orb.
     0 | D:1      | Reached XP level 1. HP: 10/10 MP: 6/6
    17 | D:1      | Gained mutation: You occasionally shout uncontrollably at your foes. [potion of mutation]
    17 | D:1      | Gained mutation: Scrolls take you a little longer to read. [potion of mutation]
    17 | D:1      | Gained mutation: You are agile. (Dex +2) [potion of mutation]
   167 | D:1      | Reached XP level 2. HP: 7/15 MP: 1/8
   389 | D:1      | Learned a level 2 spell: Cure Poison
   699 | D:1      | Slain by a kobold

Vault maps used:
D:1:      dpeg_arrival_circle_labyrinth_c

Action                   || total
-------------------------++-------
Melee: Club              ||    20
       Unarmed           ||     2
 Cast: Sting             ||    33
  Use: Potion            ||     2
       Scroll            ||     2
